 Dungeon Crawl Stone Soup version 0.29-a0-700-g2f1814c7b2 (webtiles) character file.

Game seed: 5165019511005392753

6 gobodom the Grasshopper (level 2, 0/22 HPs)
             Began as a Human Warper on June 25, 2022.
             Constricted to death by a ball python (1 damage)
             ... on level 1 of the Dungeon.
             The game lasted 00:01:12 (276 turns).

gobodom the Grasshopper (Human Warper)               Turns: 276, Time: 00:01:13

Health: 0/22       AC:  3    Str: 11    XL:     2   Next: 0%
Magic:  5/5        EV:  8    Int: 13    God:
Gold:   20         SH:  0    Dex: 12    Spells: 5/5 levels left

rFire   . . .      SeeInvis .   a - +0 short sword
rCold   . . .      Faith    .   (no shield)
rNeg    . . .      Spirit   .   b - +0 leather armour
rPois   .          Reflect  .   (no helmet)
rElec   .          Harm     .   (no cloak)
rCorr   .          Rampage  .   (no gloves)
Will    .....                   (no boots)
Stlth   +.........              (no amulet)
HPRegen 0.07/turn               (no ring)
MPRegen 0.09/turn               (no ring)

@: constricted
A: no striking features
a: no special abilities


You were on level 1 of the Dungeon.
You visited 1 branch of the dungeon, and saw 1 of its levels.

You collected 20 gold pieces.

Inventory:

Hand Weapons
 a - a +0 short sword (weapon)
Armour
 b - a +0 leather armour (worn)
Scrolls
 c - a scroll of blinking
 e - a scroll of teleportation {unknown}


   Skills:
 + Level 2.0 Fighting
 + Level 2.0 Short Blades
 + Level 1.0 Throwing
 + Level 1.0 Armour
 + Level 2.1 Dodging
 + Level 2.0 Spellcasting
 + Level 3.2 Translocations


You had 5 spell levels left.
You didn't know any spells.
Your spell library contained the following spells:

 Spells                   Type           Power      Damage    Failure   Level
 Blink                    Tloc           18%        N/A       14%         2
 Gell's Gravitas          Tloc           9%         N/A       26%         3
 Lesser Beckoning         Tloc           9%         N/A       26%         3
 Teleport Other           Tloc           9%         N/A       26%         3
 Ozocubu's Armour         Ice            1%         N/A       69%         3
 Manifold Assault         Tloc           9%         N/A       94%         5
 Metabolic Englaciation   Hex/Ice        0%         N/A       100%        5
 Simulacrum               Ice/Necr       0%         N/A       100%        6


Dungeon Overview and Level Annotations

Branches:
Dungeon (1/15)

Altars:


Message History

The endoplasm is heavily wounded.
The endoplasm freezes you.
You are frozen.
You hit the endoplasm but do no damage.
The endoplasm is heavily wounded.
The ball python closely misses you. The ball python barely misses you.
The endoplasm freezes you.
You are frozen.
The ball python bites you. The ball python closely misses you.
You hit the endoplasm.
The endoplasm is severely wounded.
The endoplasm barely misses you.
The ball python bites you but does no damage.
The ball python grabs you. The ball python constricts you.
You hit the endoplasm but do no damage.
The endoplasm is severely wounded.
The endoplasm hits you.
The ball python bites you but does no damage.
The ball python constricts you.
* * * LOW HITPOINT WARNING * * *
You barely miss the endoplasm.
The endoplasm is severely wounded.
The endoplasm closely misses you. The ball python bites you.
* * * LOW HITPOINT WARNING * * *
The ball python constricts you.
You hit the endoplasm.
The endoplasm is almost dead.
The ball python bites you but does no damage.
The ball python constricts you.
* * * LOW HITPOINT WARNING * * *
The endoplasm barely misses you.
You barely miss the endoplasm.
The endoplasm is almost dead.
The ball python closely misses you. The ball python constricts you.
* * * LOW HITPOINT WARNING * * *
The endoplasm hits you.
* * * LOW HITPOINT WARNING * * *
The ball python bites you.
* * * LOW HITPOINT WARNING * * *
The ball python constricts you.
You die...

.....'...# ....## .#
.....##..#######.#..#♣.♣
.....##..............P.
..8..##..###.........♣
.....##....#.........♣
.....##..#.÷.........♣♣
#######...÷....>......♣
#######..#######.J..###
.....[..## #@#..#
.†...#### #S# ..# ♣....#
.......†.# .# .....#
....S...... J> ♣....#
.....?....## ## .....#
..........# .....#
.........## .....#
.........# .....#
..?......#


You could see an endoplasm and a ball python.

Vanquished Creatures
  A giant cockroach (D:1)
  A goblin (D:1)
  2 ball pythons (D:1)
  2 rats (D:1)
6 creatures vanquished.

Notes
Turn   | Place    | Note
-------+----------+-------------------------------------------
     0 | D:1      | gobodom the Human Warper began the quest for the Orb.
     0 | D:1      | Reached XP level 1. HP: 16/16 MP: 3/3
   268 | D:1      | Reached XP level 2. HP: 18/22 MP: 5/5
   276 | D:1      | HP: 1/22 [ball python (2)]
   276 | D:1      | Constricted to death by a ball python

Illustrated notes

Levels and vault maps discovered:
D:1:      psy_arrival_statuary, layout_rooms, serial_shops, nicolae_shop_trees,
          serial_forest, infiniplex_forest_clump_medium,
          infiniplex_forest_lined_2, infiniplex_forest_lined_2,
          infiniplex_forest_clump_small, infiniplex_forest_diagonal

Action                   || total
-------------------------++-------
Melee: Short sword       ||    20
       Punch             ||     1
Throw: Boomerang         ||     7
Armor: Leather armour    ||    11
Dodge: Dodged            ||    16

Table legend: (Time is in decaauts)
 A = Elapsed time spent in this place.
 B = Non-inter-level travel time spent in this place.
 C = Inter-level travel time spent in this place.
 D = Time resting spent in this place.
 E = Time spent auto-exploring this place.
 F = Levels seen in this place.
 G = Mean time per level.
                   A        B        C        D        E       F      G
               +--------+--------+--------+--------+--------+-----+--------+
         Total |    277 |    277 |      0 |      0 |    213 |   1 |  277.0 |
       Dungeon |    277 |    277 |      0 |      0 |    213 |   1 |  277.0 |
               +--------+--------+--------+--------+--------+-----+--------+

Top non-repeatable levels by time:
     D:1: 277 daAuts
